 Dungeon Crawl Stone Soup version 0.29.0-4-gdea44cf6ec (webtiles) character file.

Game seed: 164281628045053507

1057 qw the Chopper (level 8, -3/60 HPs)
             Began as a Demonspawn Cinder Acolyte on Sept 9, 2022.
             Was an Initiate of Ignis.
             Killed from afar by an electric eel (4 damage)
             ... with a bolt of electricity
             ... on level 6 of the Dungeon.
             The game lasted 00:02:15 (7904 turns).

qw the Chopper (Demonspawn Cinder Acolyte)          Turns: 7904, Time: 00:02:15

Health: -3/60      AC: 18    Str: 16    XL:     8   Next: 6%
Magic:  0/9        EV:  6    Int: 15    God:    Ignis [......]
Gold:   147        SH:  9    Dex: 10    Spells: 9/9 levels left

rFire   + . .      SeeInvis +   Y - +0 hand axe (flame)
rCold   . . .      Faith    .   f - +0 buckler
rNeg    . . .      Spirit   +   h - +0 chain mail
rPois   .          Reflect  +   (helmet restricted)
rElec   .          Harm     .   (no cloak)
rCorr   .          Rampage  .   o - +2 pair of gloves
Will    .....                   (no boots)
Stlth   ..........              m - amulet of reflection
HPRegen 0.20/turn               d - ring of see invisible
MPRegen 0.22/turn               (no ring)

@: about to teleport, fiery-armoured, very slow
A: antennae 2, demonic guardian 1, magic shield, magic regeneration
a: Renounce Religion, Rising Flame


You were on level 6 of the Dungeon.
You worshipped Ignis.
Ignis was noncommittal.
You visited 1 branch of the dungeon, and saw 6 of its levels.

You collected 288 gold pieces.
You spent 141 gold pieces at shops.


Innate Abilities, Weirdness & Mutations

You have a pair of antennae on your head.
A weak demonic guardian rushes to your aid.
When hurt, damage is shared between your health and your magic reserves.
You regenerate magic rapidly.


   Skills:
 - Level 4.0 Fighting
 + Level 7.4 Axes
 - Level 1.3 Throwing
 - Level 2.2 Armour
 - Level 1.4 Dodging
 - Level 2.5 Shields
 - Level 1.0 Spellcasting
 - Level 2.6 Fire Magic


You had 9 spell levels left.
You didn't know any spells.
Your spell library contained the following spells:

 Spells                   Type           Power      Damage    Failure   Level
 Scorch                   Fire           16%        2d6       97%         2

Inventory:

Hand Weapons
 Y - a +0 hand axe of flaming (weapon)
Armour
 f - a +0 buckler (worn)
 h - a +0 chain mail (worn)
 o - a +2 pair of gloves (worn)
Jewellery
 d - a ring of see invisible (left hand)
 m - an amulet of reflection (around neck)
Scrolls
 a - a scroll of identify
Potions
 c - a potion of resistance {unknown}
 e - a potion of mutation {unknown}
 g - 6 potions of curing
 i - a potion of attraction {unknown}
 l - a potion of lignification {unknown}

Dungeon Overview and Level Annotations

Branches:
Dungeon (6/15)
 Temple: D:4-7

Altars:
Nemelex Xobeh
Qazlal
Xom

Shops:
D:5 *


Message History

You can no longer armour yourself in flame.
You can no longer call a swarm of foxfires against your foes.
You enter the shallow water.
Moving in this stuff is going to be slow.
The electric eel shoots out a bolt of lightning at you!
The bolt of electricity hits you!
The electric eel shoots out a bolt of lightning at you!
The bolt of electricity hits the electric eel.
The electric eel completely resists.
The bolt of electricity hits you.
You closely miss the electric eel.
Your unstable footing causes you to fumble your attack.
The electric eel shoots out a bolt of lightning at you!
The bolt of electricity hits the electric eel.
The electric eel completely resists.
The bolt of electricity hits you!
You hit the electric eel. You burn the electric eel.
The electric eel is moderately wounded.
The electric eel shoots out a bolt of lightning at you!
The bolt of electricity hits you but does no damage.
The electric eel shoots out a bolt of lightning at you!
The bolt of electricity hits the electric eel.
The electric eel completely resists.
The bolt of electricity hits you!
Your unstable footing causes you to fumble your attack.
The electric eel shoots out a bolt of lightning at you!
The bolt of electricity hits the electric eel.
The electric eel completely resists.
The bolt of electricity hits you!
A demonic guardian appears!
7903 ||| READING scroll of teleportation.
As you read the scroll of teleportation, it crumbles to dust.
You feel strangely unstable.
The electric eel shoots out a bolt of lightning at you!
The bolt of electricity hits you!
The electric eel shoots out a bolt of lightning at you!
The bolt of electricity hits your shadow imp!
The bolt of electricity hits the electric eel.
The electric eel completely resists.
The bolt of electricity hits you.
You slash the electric eel! You burn the electric eel.
The electric eel is almost dead.
The electric eel shoots out a bolt of lightning at you!
The bolt of electricity hits you.
You die...

~~~~~~7~~~P......<........
~~~~~~~%~~7........(......
~~~~~~~P~~7...............
~~~~~~~P~7~.............))
~~~~~~~~~77..#..........)#
~~~~~~~~~~7#..#..........#
~~~~~~~~7~..######......#
~~~~~~~777%##########...#
~~~S5~S@~........ ###..
~~~~~~77......... #..
~~~~P 7......... #.. ~~~7
7......... ##. PP
7......... . ~ ..........
P.......... ...........
............


You could see 2 electric eels and a friendly shadow imp (summoned).

Vanquished Creatures
  A black bear (D:4)
  A sky beast (D:6)
  A necrophage (D:5)
  3 scorpions
  A bullfrog (D:6)
  2 electric eels (D:6)
  2 hounds (D:5)
  Jessica (D:2)
  2 iguanas
  2 orc wizards
  A mummy (D:4)
  Robin (D:4)
  6 gnolls (D:5)
  8 adders
  2 worms
  8 orcs
  7 ball pythons
  15 endoplasms
  5 giant cockroaches
  8 hobgoblins
  2 jackals (D:1)
  8 kobolds
  A quokka (D:1)
  7 bats
  2 frilled lizards (D:3)
  15 goblins
  2 hobgoblin zombies (D:4)
  A kobold zombie (D:4)
  An orc zombie (D:4)
  4 rats
120 creatures vanquished.

Vanquished Creatures (collateral kills)
  An orc wizard (D:6)
  A gnoll (D:5)
  A hobgoblin (D:4)
3 creatures vanquished.

Vanquished Creatures (others)
  2 fungi (D:2)
  21 plants
23 creatures vanquished.

Grand Total: 146 creatures vanquished

Notes
Turn   | Place    | Note
-------+----------+-------------------------------------------
     0 | D:1      | qw the Demonspawn Cinder Acolyte began the quest for the
                  | Orb.
     0 | D:1      | Reached XP level 1. HP: 18/18 MP: 2/2
     0 | D:1      | 0 ||| qw: Version: 0.1-a-113-g051387a
     0 | D:1      | 0 ||| qw: Game counter: 6917
     0 | D:1      | 0 ||| qw: Always use a shield: true
     0 | D:1      | 0 ||| qw: God list: Okawaru
     0 | D:1      | 0 ||| qw: Allow faded altars: false
     0 | D:1      | 0 ||| qw: Do Orc after D:15 true
     0 | D:1      | 0 ||| qw: Do second Lair branch before Depths: true
     0 | D:1      | 0 ||| qw: Lair rune preference: random
     0 | D:1      | 0 ||| qw: Plans: Normal
     0 | D:1      | 0 ||| PLANNING D:1-11
    26 | D:1      | 26 ||| Stepping ~*~*~tactically~*~*~ (stealth).
    31 | D:1      | 31 ||| INVOKING Fiery Armour.
    32 | D:1      | Reached skill level 3 in Axes
    39 | D:1      | Gained mutation: You have a pair of small antennae on your
                  | head. [demonic ancestry]
    39 | D:1      | Reached XP level 2. HP: 13/24 MP: 3/3
   961 | D:1      | Reached XP level 3. HP: 29/29 MP: 4/4
  1090 | D:1      | 1090 ||| UPGRADING to +0 buckler.
  1095 | D:1      | 1095 ||| UPGRADING to +0 chain mail.
  1105 | D:1      | 1105 ||| DROPPING +0 robe.
  1106 | D:1      | 1106 ||| READING 2 scrolls labelled NOFAWIU SAON.
  1150 | D:2      | 1150 ||| INVOKING Fiery Armour.
  1153 | D:2      | HP: 6/29 [poisoned by a kobold]
  1157 | D:2      | HP: 2/29 [poisoned by a kobold]
  1483 | D:2      | 1483 ||| Stepping ~*~*~tactically~*~*~ (stealth).
  1512 | D:2      | Found a shimmering altar of Xom.
  1518 | D:2      | 1518 ||| Stepping ~*~*~tactically~*~*~ (stealth).
  1556 | D:2      | 1556 ||| Stepping ~*~*~tactically~*~*~ (stealth).
  1611 | D:2      | Reached skill level 1 in Shields
  1669 | D:2      | 1669 ||| Stepping ~*~*~tactically~*~*~ (stealth).
  1700 | D:2      | Noticed Jessica
  1711 | D:2      | Reached skill level 1 in Armour
  1715 | D:2      | 1715 ||| INVOKING Fiery Armour.
  1716 | D:2      | Killed Jessica
  1717 | D:2      | Reached skill level 1 in Throwing
  1717 | D:2      | Gained mutation: A weak demonic guardian rushes to your
                  | aid. [demonic ancestry]
  1717 | D:2      | Reached XP level 4. HP: 17/35 MP: 5/5
  1978 | D:2      | 1978 ||| Stepping ~*~*~tactically~*~*~ (hiding).
  1980 | D:2      | 1980 ||| Stepping ~*~*~tactically~*~*~ (hiding).
  1987 | D:2      | Reached skill level 4 in Axes
  1993 | D:2      | 1993 ||| Stepping ~*~*~tactically~*~*~ (stealth).
  2027 | D:2      | Found a faded altar of an unknown god.
  2091 | D:2      | 2091 ||| Stepping ~*~*~tactically~*~*~ (stealth).
  2146 | D:2      | 2146 ||| UPGRADING to amulet of reflection.
  2151 | D:2      | 2151 ||| READING scroll labelled EBBEMI KILL.
  2152 | D:2      | 2152 ||| READING scroll labelled CINOWNYDER.
  2153 | D:2      | 2153 ||| READING scroll labelled TOAHAKK ELIWN.
  2154 | D:2      | 2154 ||| READING scroll labelled HOYTAH AZEFAPS.
  2155 | D:2      | 2155 ||| READING scroll labelled PUNYMA DUSCHETY.
  2490 | D:3      | You fall into a shaft and drop 1 floor!
  2519 | D:4      | Noticed a scorpion
  2520 | D:4      | 2520 ||| Stepping ~*~*~tactically~*~*~ (stealth).
  2535 | D:4      | Gained mutation: You have a pair of antennae on your head.
                  | [demonic ancestry]
  2535 | D:4      | Reached XP level 5. HP: 39/41 MP: 6/6
  2556 | D:4      | 2556 ||| INVOKING Fiery Armour.
  2560 | D:4      | Reached skill level 5 in Axes
  2689 | D:4      | 2689 ||| Stepping ~*~*~tactically~*~*~ (stealth).
  2872 | D:4      | 2872 ||| INVOKING Fiery Armour.
  2872 | D:4      | Noticed Robin
  2873 | D:4      | 2873 ||| Stepping ~*~*~tactically~*~*~ (hiding).
  2874 | D:4      | 2874 ||| Stepping ~*~*~tactically~*~*~ (hiding).
  2889 | D:4      | Killed Robin
  2980 | D:4      | Found a sparkling altar of Nemelex Xobeh.
  3124 | D:4      | 3124 ||| READING scroll labelled NOISIE BANILEL.
  3125 | D:4      | 3125 ||| READING scroll labelled WYROUQ RATUKH.
  3126 | D:4      | 3126 ||| READING scroll labelled ZAX PUEFYTO.
  3127 | D:4      | 3127 ||| READING scroll labelled OHIOSI RUDUCE.
  3128 | D:4      | 3128 ||| DRINKING 6 viscous silvery potions.
  3129 | D:4      | 3129 ||| READING scroll of teleportation.
  3412 | D:3      | Gained mutation: You regenerate magic rapidly. [demonic
                  | ancestry]
  3412 | D:3      | Reached XP level 6. HP: 47/47 MP: 7/7
  3663 | D:4      | 3663 ||| STAIRDANCE
  3671 | D:4      | Found a stormy altar of Qazlal.
  4221 | D:4      | Reached skill level 6 in Axes
  4576 | D:5      | Entered Level 5 of the Dungeon
  4617 | D:5      | Found Xasihawn's Assorted Antiques.
  4667 | D:5      | 4667 ||| SHOPLISTING 3 scrolls of enchant armour (540 gold,
                  | have 196).
  4667 | D:5      | 4667 ||| BUYING cabochon ring (120 gold).
  4667 | D:5      | Bought a cabochon ring for 120 gold pieces
  4667 | D:5      | 4667 ||| SHOPLISTING runed hat (168 gold, have 76).
  4667 | D:5      | 4667 ||| BUYING yellow potion (21 gold).
  4667 | D:5      | Bought a yellow potion for 21 gold pieces
  4849 | D:5      | Gained mutation: When hurt, damage is shared between your
                  | health and your magic reserves. [demonic ancestry]
  4849 | D:5      | Reached XP level 7. HP: 47/52 MP: 8/8
  4940 | D:5      | Reached skill level 1 in Dodging
  4976 | D:5      | 4976 ||| Stepping ~*~*~tactically~*~*~ (stealth).
  5003 | D:5      | 5003 ||| INVOKING Fiery Armour.
  5195 | D:5      | 5195 ||| INVOKING Fiery Armour.
  5732 | D:5      | 5732 ||| UPGRADING to +0 pair of gloves.
  5737 | D:5      | 5737 ||| READING 2 scrolls of enchant armour.
  5737 | D:5      | 5737 ||| ENCHANTING +0 pair of gloves.
  5738 | D:5      | 5738 ||| READING scroll of enchant armour.
  5738 | D:5      | 5738 ||| ENCHANTING +1 pair of gloves.
  5739 | D:5      | 5739 ||| UPGRADING to ring of see invisible.
  5740 | D:5      | 5740 ||| READING scroll labelled NYCSOD WUPEMABBIN.
  5741 | D:5      | 5741 ||| READING scroll labelled NIRUSK UMUHI.
  5742 | D:5      | 5742 ||| DRINKING 4 smoky emerald potions.
  5743 | D:5      | 5743 ||| DROPPING 3 potions of degeneration.
  5798 | D:6      | 5798 ||| STAIRDANCE
  5827 | D:6      | 5827 ||| Stepping ~*~*~tactically~*~*~ (stealth).
  5828 | D:6      | 5828 ||| Stepping ~*~*~tactically~*~*~ (stealth).
  5830 | D:6      | 5830 ||| Stepping ~*~*~tactically~*~*~ (hiding).
  5903 | D:6      | 5903 ||| FLEEEEING.
  5904 | D:6      | 5904 ||| FLEEEEING.
  5905 | D:6      | 5905 ||| FLEEEEING.
  5906 | D:6      | 5906 ||| FLEEEEING.
  5910 | D:6      | 5910 ||| FLEEEEING.
  5911 | D:6      | 5911 ||| FLEEEEING.
  5913 | D:6      | 5913 ||| STAIRDANCE
  5960 | D:6      | 5960 ||| FLEEEEING.
  5961 | D:6      | 5961 ||| FLEEEEING.
  5962 | D:6      | 5962 ||| STAIRDANCE
  6032 | D:6      | 6032 ||| FLEEEEING.
  6033 | D:6      | 6033 ||| FLEEEEING.
  6034 | D:6      | 6034 ||| STAIRDANCE
  6087 | D:6      | 6087 ||| FLEEEEING.
  6088 | D:6      | 6088 ||| FLEEEEING.
  6089 | D:6      | 6089 ||| FLEEEEING.
  6090 | D:6      | 6090 ||| STAIRDANCE
  6213 | D:6      | 6213 ||| FLEEEEING.
  6214 | D:6      | 6214 ||| FLEEEEING.
  6215 | D:6      | 6215 ||| STAIRDANCE
  6305 | D:6      | 6305 ||| INVOKING Fiery Armour.
  6307 | D:6      | 6307 ||| FLEEEEING.
  6308 | D:6      | 6308 ||| FLEEEEING.
  6309 | D:6      | 6309 ||| STAIRDANCE
  6375 | D:6      | 6375 ||| FLEEEEING.
  6376 | D:6      | 6376 ||| STAIRDANCE
  6447 | D:6      | 6447 ||| INVOKING Fiery Armour.
  6448 | D:6      | 6448 ||| FLEEEEING.
  6449 | D:6      | 6449 ||| STAIRDANCE
  6518 | D:6      | 6518 ||| FLEEEEING.
  6519 | D:6      | 6519 ||| STAIRDANCE
  6562 | D:6      | 6562 ||| INVOKING Fiery Armour.
  6565 | D:6      | 6565 ||| FLEEEEING.
  6566 | D:6      | 6566 ||| FLEEEEING.
  6567 | D:6      | 6567 ||| FLEEEEING.
  6568 | D:6      | 6568 ||| STAIRDANCE
  6744 | D:6      | 6744 ||| FLEEEEING.
  6745 | D:6      | 6745 ||| STAIRDANCE
  6793 | D:6      | 6793 ||| FLEEEEING.
  6794 | D:6      | 6794 ||| STAIRDANCE
  6870 | D:6      | 6870 ||| FLEEEEING.
  6871 | D:6      | 6871 ||| STAIRDANCE
  6958 | D:6      | 6958 ||| FLEEEEING.
  6959 | D:6      | 6959 ||| STAIRDANCE
  7046 | D:6      | 7046 ||| INVOKING Fiery Armour.
  7047 | D:6      | 7047 ||| FLEEEEING.
  7048 | D:6      | 7048 ||| STAIRDANCE
  7108 | D:6      | 7108 ||| FLEEEEING.
  7109 | D:6      | 7109 ||| FLEEEEING.
  7110 | D:6      | 7110 ||| FLEEEEING.
  7111 | D:6      | 7111 ||| STAIRDANCE
  7205 | D:6      | 7205 ||| FLEEEEING.
  7206 | D:6      | 7206 ||| STAIRDANCE
  7271 | D:6      | 7271 ||| FLEEEEING.
  7272 | D:6      | 7272 ||| STAIRDANCE
  7353 | D:6      | 7353 ||| FLEEEEING.
  7354 | D:6      | 7354 ||| STAIRDANCE
  7385 | D:6      | 7385 ||| INVOKING Fiery Armour.
  7386 | D:6      | 7386 ||| FLEEEEING.
  7423 | D:6      | 7423 ||| FLEEEEING.
  7424 | D:6      | 7424 ||| FLEEEEING.
  7597 | D:6      | Reached skill level 7 in Axes
  7634 | D:6      | Reached XP level 8. HP: 33/60 MP: 7/9
  7786 | D:6      | 7786 ||| Stepping ~*~*~tactically~*~*~ (stealth).
  7794 | D:6      | 7794 ||| FLEEEEING.
  7847 | D:6      | 7847 ||| FLEEEEING.
  7897 | D:6      | 7897 ||| INVOKING Fiery Armour.
  7902 | D:6      | HP: 12/60 [electric eel/bolt of electricity (12)]
  7903 | D:6      | 7903 ||| READING scroll of teleportation.
  7903 | D:6      | HP: 1/60 [electric eel/bolt of electricity (5)]
  7904 | D:6      | Killed from afar by an electric eel

Levels and vault maps discovered:
D:1:      minmay_arrival_three_doors, layout_basic
D:2:      layout_basic, shapermc_ecumenical_altar_mp_ritualfount, basic_altar,
          uniq_jessica
D:3:      layout_basic, minmay_goblin_outpost
D:4:      black_bear_nest_1, layout_basic, grunt_qazlal_clouds,
          nemelex_altar_shiori, abandoned_shop, minmay_mini_ossuary, uniq_robin
D:5:      layout_cave_pods, serial_shops, shop
D:6:      layout_cave_pods, lemuel_temple_firewalk_b, ebering_ghost_gozag,
          serial_bayou_lake_a, uniq_maggie

Skill      XL: |  1  2  3  4  5  6  7 |
---------------+----------------------+-----
Axes           | 3 4 5 6 7 |  7.4
Shields        | 1 2 |  2.5
Armour         | 1 2 |  2.2
Throwing       | 1 |  1.3
Dodging        | 1 |  1.4
Fighting       | 4 |  4.0
Spellcasting   | |  1.0
Fire Magic     | |  2.6

Action                   |  1- 3 |  4- 6 |  7- 9 || total
-------------------------+-------+-------+-------++-------
Melee: Hand axe          |    79 |   141 |   100 ||   320
Throw: Javelin           |    17 |    37 |     5 ||    59
Invok: Fiery Armour      |     3 |     2 |     8 ||    13
  Use: Scroll            |     1 |    10 |     5 ||    16
       Potion            |       |     1 |     1 ||     2
Armor: Robe              |    16 |       |       ||    16
       Chain mail        |    12 |    73 |    47 ||   132
Dodge: Dodged            |    23 |    21 |    23 ||    67
Block: Buckler           |     1 |    56 |    42 ||    99
       Reflection        |       |     5 |     1 ||     6

Table legend:
 A = Non-vault XP
 B = Vault XP
 C = Vault XP percentage of total XP
 D = Non-vault monster count
 E = Vault monster count
 F = Vault count percentage of total count
                 A         B        C        D         E       F
            +---------+---------+-------+---------+---------+-------
      Total |    1274 |     237 |  15.7 |     101 |      22 |  17.9
            +---------+---------+-------+---------+---------+-------
        D:1 |      41 |       0 |   0.0 |      23 |       0 |   0.0
        D:2 |      60 |      37 |  38.1 |      22 |       1 |   4.3
        D:3 |      53 |       4 |   7.0 |      16 |       2 |  11.1
        D:4 |     258 |     196 |  43.2 |      13 |      19 |  59.4
        D:5 |     406 |       0 |   0.0 |      19 |       0 |   0.0
        D:6 |     456 |       0 |   0.0 |       8 |       0 |   0.0
            +---------+---------+-------+---------+---------+-------
